 Dungeon Crawl Stone Soup version 0.31-a0-1603-gbec6b6ccbf (webtiles) character file.

Game seed: 956976090469962154

164 jasper the Chopper (level 5, -5/67 HPs)
             Began as a Minotaur Berserker on Jan 7, 2024.
             Was a Believer of Trog.
             Slain by a gnoll
             ... wielding a +0 halberd
             ... led by a gnoll bouda
              (9 damage)
             ... on level 4 of the Dungeon.
             The game lasted 00:10:10 (2794 turns).

jasper the Chopper (Minotaur Berserker)             Turns: 2794, Time: 00:10:10

Health: -5/67      AC:  8    Str: 23    XL:     5   Next: 21%
Magic:  4/4        EV:  9    Int:  4    God:    Trog [**....]
Gold:   207        SH:  0    Dex: 10    Spells: 4/4 levels left

rFire   + . .        m - +0 war axe
rCold   . . .        (no shield)
rNeg    . . .        h - +0 chain mail
rPois   .            (helmet restricted)
rElec   .            (no cloak)
rCorr   .            (no gloves)
SInv    .            (no boots)
Will    .....        (no amulet) Stlth
                     k - ring of protection from fire
HPRegen 0.31/turn    (no ring)
MPRegen 0.09/turn

%: no passive effects
@: berserking, very quick
A: horns 2, retaliatory headbutt
a: Renounce Religion, Berserk, Trog's Hand


You were on level 4 of the Dungeon.
You worshipped Trog.
Trog was pleased with you.
You visited 1 branch of the dungeon, and saw 4 of its levels.

You collected 207 gold pieces.

Inventory:

Hand Weapons
 a - a +0 hand axe
 m - a +0 war axe (weapon)
Missiles
 f - 27 stones (quivered)
 g - 3 poisoned darts
Armour
 b - a +0 animal skin
 c - a +0 ring mail
 h - a +0 chain mail (worn)
Jewellery
 k - a ring of protection from fire (left hand)
Scrolls
 j - 2 scrolls of revelation
 o - a scroll of teleportation
Potions
 d - 2 potions of mutation
 e - a potion of brilliance {unknown}
 i - a potion of curing {unknown}
 n - 2 potions of enlightenment {unknown}


   Skills:
 - Level 3.6 Fighting
 + Level 7.2 Axes
 - Level 2.4 Armour
 - Level 2.1 Dodging


You had 4 spell levels left.
You didn't know any spells.
Your spell library was empty.

Dungeon Overview and Level Annotations

Branches:
Dungeon (4/15)
 Temple: D:4-7

Altars:
Dithmenos

Shops:
D:3 =


Innate Abilities, Weirdness & Mutations

You have a pair of horns on your head.
You reflexively headbutt those who attack you in melee.


Message History

You take 3 damage, and have 8/39 hp.
Okay, then.
A red film seems to cover your vision as you go berserk!
You feel yourself moving faster!
You feel mighty! The gnoll barely misses you.
The gnoll hits you with a +0 club.
* * * LOW HITPOINT WARNING * * *
You now have 11/58 hp.
You slash the gnoll!
You kill the gnoll!
Trog accepts your kill.
You slash the gnoll! The gnoll completely misses you. You furiously retaliate!
You headbutt the gnoll. You slash the gnoll bouda!
The gnoll bouda is severely wounded.
You slash the gnoll!
You feel the power of Trog in you as your rage grows.
You kill the gnoll!
Trog accepts your kill.
The gnoll bouda hits you with a +0 club.
* * * LOW HITPOINT WARNING * * *
You take 3 damage, and have 9/58 hp.
You slash the gnoll bouda!
You kill the gnoll bouda!
Trog accepts your kill.
Your Axes skill increases to level 7!
You have reached level 5!
You regained 2 hp, and now have 11/67 hp.
MP restored: 4 A gnoll comes into view. It is wielding a +0 halberd.
The gnoll shouts!
The gnoll is no longer moving quickly.
The gnoll hits you from afar with a +0 halberd!
* * * LOW HITPOINT WARNING * * *
Things that are here:
a +0 club; a gnoll corpse You take 7 damage, and have 4/67 hp.
You feel a strong urge to attack something.
The gnoll attacks as it pursues you!
The gnoll hits you from afar with a +0 halberd!
You die...

#.....#
##g######
##.......#
#.......#.#
#.#..##.#.#
#.#.....#)# #
#.##.g#.#
#.#.....).#
#......@###
#####.### #.#
#.# #.# ## ###
#.# . ..#
######.#
####.####......#
#....##.....####


You could see a gnoll.

Vanquished Creatures
  A gnoll bouda (D:4)
  4 adders
  3 gnolls (D:4)
  A ribbon worm (D:2)
  An orc (D:3)
  7 endoplasms
  3 giant cockroaches
  4 hobgoblins
  4 jackals (D:3)
  4 quokkas
  8 ball pythons
  4 bats
  2 frilled lizards (D:1)
  10 goblins
  3 kobolds
  7 rats
66 creatures vanquished.

Notes
Turn   | Place    | Note
-------+----------+-------------------------------------------
     0 | D:1      | jasper the Minotaur Berserker began the quest for the Orb.
     0 | D:1      | Reached XP level 1. HP: 19/19 MP: 0/0
   120 | D:1      | Reached skill level 4 in Axes
   178 | D:1      | Reached XP level 2. HP: 26/26 MP: 1/1
   584 | D:1      | Found a faded altar of an unknown god.
   851 | D:2      | Reached skill level 5 in Axes
   930 | D:2      | Reached XP level 3. HP: 31/31 MP: 2/2
   931 | D:2      | Reached ** piety under Trog
  2006 | D:3      | Found Kugiets's Jewellery Shop.
  2093 | D:3      | Found a shadowy altar of Dithmenos.
  2171 | D:3      | Reached XP level 4. HP: 39/39 MP: 3/3
  2180 | D:3      | Reached skill level 6 in Axes
  2793 | D:4      | Reached skill level 7 in Axes
  2793 | D:4      | Reached XP level 5. HP: 11/45 MP: 4/4
  2794 | D:4      | Slain by a gnoll

Illustrated notes

Levels and vault maps discovered:
D:1:      nzn_arrival_settlement, layout_basic,
          ebering_ecumenical_altar_abandoned
D:2:      layout_loops_ring, due_unseen_surprise
D:3:      layout_loops_cross, grunt_dithmenos_smoke, serial_shops,
          nicolae_square_shop
D:4:      layout_loops_cross

Skill      XL: |  1  2  3  4 |
---------------+-------------+-----
Axes           | 4 5 7 |  7.2
Fighting       | |  3.6
Armour         | |  2.4
Dodging        | |  2.1

Action                     |  1- 3 |  4- 6 || total
---------------------------+-------+-------++-------
  Melee: Hand axe          |    99 |    11 ||   110
         Headbutt          |    15 |     4 ||    19
         War axe           |       |    23 ||    23
 Invoke: Berserk           |     1 |     1 ||     2
    Use: Scroll            |     5 |     1 ||     6
 Armour: Ring mail         |    40 |       ||    40
         Chain mail        |    16 |    25 ||    41
  Dodge: Dodged            |    63 |    20 ||    83

Table legend: (Time is in decaauts)
 A = Elapsed time spent in this place.
 B = Non-inter-level travel time spent in this place.
 C = Inter-level travel time spent in this place.
 D = Time resting spent in this place.
 E = Time spent auto-exploring this place.
 F = Levels seen in this place.
 G = Mean time per level.
                   A        B        C        D        E       F      G
               +--------+--------+--------+--------+--------+-----+--------+
         Total |   2813 |   2671 |    142 |    420 |    729 |   4 |  703.2 |
       Dungeon |   2813 |   2671 |    142 |    420 |    729 |   4 |  703.2 |
               +--------+--------+--------+--------+--------+-----+--------+

Top non-repeatable levels by time:
     D:2: 1182 daAuts
     D:1: 836 daAuts
     D:3: 669 daAuts
     D:4: 125 daAuts
